 Dungeon Crawl Stone Soup version 0.27-a0-1188-g73eefd5def (webtiles) character file.

Game seed: 15017842843695544953

835 quinnr the Conjurer (level 7, 0/41 HPs)
             Began as a Tengu Air Elementalist on May 20, 2021.
             Was an Initiate of Vehumet.
             Slain by Sigmund
             ... wielding a +0 scythe
              (2 damage)
             ... on level 5 of the Dungeon.
             The game lasted 00:21:19 (6616 turns).

quinnr the Conjurer (Tengu Air Elementalist)        Turns: 6616, Time: 00:21:20

Health: 0/41       AC:  4    Str:  8    XL:     7   Next: 99%
Magic:  3/14       EV: 15    Int: 18    God:    Vehumet [......]
Gold:   208        SH:  0    Dex: 14    Spells: 6/14 levels left

rFire    . . .     SeeInvis .   q - +2 dagger (speed)
rCold    . . .     Faith    .   (no shield)
rNeg     . . .     Spirit   .   h - +2 robe {Archmagi}
rPois    .         Reflect  .   (helmet restricted)
rElec    .         Harm     .   (no cloak)
rCorr    .         Rampage  .   (no gloves)
Will     .....                  (boots unavailable)
Stlth    ++........             (no amulet)
HPRegen  0.13/turn              (no ring)
MPRegen  0.14/turn              (no ring)

@: on berserk cooldown, flying quickly and evasively, slowed, very slow
A: beak, talons 3, nimble flight
a: Renounce Religion


You were on level 5 of the Dungeon.
You worshipped Vehumet.
Vehumet was noncommittal.
You visited 2 branches of the dungeon, and saw 6 of its levels.

You collected 208 gold pieces.

Inventory:

Hand Weapons
 m - a +0 hunting sling
 q - a +2 dagger of speed (weapon)
Missiles
 d - 4 boomerangs of dispersal
 e - 204 stones
 t - 5 boomerangs
 u - 7 javelins
Armour
 a - a +0 robe
 c - a +2 robe of willpower
 h - a +2 robe of the Archmagi (worn)
Jewellery
 o - a ring of fire
 v - a ring of flight
Scrolls
 b - a scroll of holy word {unknown}
 f - a scroll of magic mapping {unknown}
 g - a scroll of fear {unknown}
 k - a scroll of summoning {unknown}
 l - a scroll of enchant weapon {unknown}
 n - 2 scrolls of vulnerability {unknown}
 s - a scroll of identify
 w - a scroll of noise {unknown}
Potions
 j - a potion of cancellation
 p - 2 potions of flight


   Skills:
 - Level 3.5 Fighting
 - Level 1.6 Slings
 - Level 3.6 Dodging
 - Level 3.0 Stealth
 - Level 4.0 Spellcasting
 - Level 5.0 Conjurations
 * Level 2.3 Transmutations
 - Level 5.0 Air Magic


You had 6 spell levels left.
You knew the following spells:

 Your Spells              Type           Power      Damage    Failure   Level
a - Shock                 Conj/Air       100%       1d9       1%          1
b - Static Discharge      Conj/Air       32%        N/A       2%          2
c - Wereblood             Tmut           17%        N/A       9%          2
d - Spider Form           Tmut/Pois      5%         N/A       28%         3

Your spell library contained the following spells:

 Spells                   Type           Power      Damage    Failure   Level
 Swiftness                Air            32%        N/A       5%          3
 Beastly Appendage        Tmut           34%        N/A       6%          1
 Airstrike                Air            16%        N/A       19%         4
 Lightning Bolt           Conj/Air       16%        1d30      45%         5
 Ice Form                 Ice/Tmut       11%        N/A       67%         4
 Hydra Form               Tmut           8%         N/A       85%         5


Dungeon Overview and Level Annotations

Branches:
Dungeon (5/15)             Temple (1/1) D:4

Altars:
Ashenzari
Cheibriados
Dithmenos
Elyvilon
Fedhas
Gozag
Hepliaklqana
Makhleb
Nemelex Xobeh
Okawaru
Qazlal
Ru
Sif Muna
Trog
Uskayaw
Vehumet
Wu Jian
Xom
Zin

Annotations:
D:5 exclusion: door, Sigmund


Innate Abilities, Weirdness & Mutations

You have a beak for a mouth.
You have claws for feet.
Your magical nature lets you fly swiftly and evasively.


Message History

A red film seems to cover your vision as you go berserk!
You feel yourself moving faster!
You feel mighty! Something barely misses you.
You feel a strong urge to attack something.
Something hits you.
You barely miss something. Your peck misses something.
You closely miss something. Your kick misses something. You puncture something!
You hear some strange, mumbled words.
You are confused.
You miss something. Something barely misses you. Something hits you!
* * * LOW HITPOINT WARNING * * *
You feel a strong urge to attack something.
You bump into the stone wall.
You are no longer berserk.
You are exhausted.
You feel yourself slow down. Something barely misses you. Something hits you.
* * * LOW HITPOINT WARNING * * *
Something hits you but does no damage.
You're too confused to cast spells.
You bump into the stone wall.
You feel less confused. Something hits you.
* * * LOW HITPOINT WARNING * * *
Your magical contamination has completely faded away.
Unknown command.
Casting: Spider Form (quite dangerous; 28% risk of failure)
Confirm with . or Enter, or press ? or * to list all spells.
You can't see any susceptible monsters within range! (Use Z to cast anyway.)
Okay, then.
Unknown command.
Something hits you.
* * * LOW HITPOINT WARNING * * *
Unknown command.
Okay, then.
As you read the scroll labelled ARHYXETEUX, it crumbles to dust.
The scroll dissolves into smoke.
It was a scroll of fog.
Something hits you.
You die...

........#.......@####
........+...........#
........##.[..... #.#
.......## ##...## #)#
#.....## #.#.####.#
##...## #.....##.#
##'## ###.§{§..# #.#
###§#### #.# #@#
##.######### #§#
##..........# #§#
#.....#####.# #.#
##....# ###.####.#
###.#.###........#
..........#.######
#####.#####.#
#.......#


There were no monsters in sight!

Vanquished Creatures
  Eustachio (D:5)
  Menkaure (D:5)
  An ogre (D:4)
  A scorpion (D:5)
  A bullfrog zombie (D:5)
  A howler monkey (D:5)
  A hound (D:5)
  2 orc priests (D:4)
  A centaur skeleton (D:4)
  Jessica (D:2)
  An orc wizard (D:4)
  Terence (D:2)
  A killer bee zombie (D:5)
  A hound zombie (D:5)
  3 adders
  2 river rats (D:5)
  2 adder skeletons (D:4)
  A worm (D:3)
  3 dart slugs
  7 orcs
  5 bats
  4 endoplasms
  3 giant cockroaches
  9 goblins
  3 hobgoblins
  3 jackals (D:4)
  9 kobolds
  4 quokkas
  10 ball pythons
  2 frilled lizards
  9 rats
94 creatures vanquished.

Vanquished Creatures (others)
  10 plants
10 creatures vanquished.

Grand Total: 104 creatures vanquished

Notes
Turn   | Place    | Note
-------+----------+-------------------------------------------
     0 | D:1      | quinnr the Tengu Air Elementalist began the quest for the
                  | Orb.
     0 | D:1      | Reached XP level 1. HP: 10/10 MP: 4/4
   321 | D:1      | Reached XP level 2. HP: 15/15 MP: 0/6
   612 | D:1      | Learned a level 2 spell: Static Discharge
  1307 | D:2      | Reached skill level 1 in Fighting
  1307 | D:2      | Reached XP level 3. HP: 16/20 MP: 0/7
  1411 | D:2      | Noticed Terence
  1473 | D:2      | Killed Terence
  1618 | D:2      | Found a faded altar of an unknown god.
  1629 | D:2      | Noticed Jessica
  1646 | D:2      | Killed Jessica
  1647 | D:2      | Reached XP level 4. HP: 21/25 MP: 3/9
  3147 | D:3      | Gained mutation: Your magical nature lets you fly swiftly
                  | and evasively. [Tengu growth]
  3147 | D:3      | Reached XP level 5. HP: 30/30 MP: 6/10
  3402 | D:4      | Noticed an ogre
  3411 | D:5      | Entered Level 5 of the Dungeon
  3524 | D:5      | Noticed Menkaure
  3541 | D:5      | Killed Menkaure
  3542 | D:5      | Reached XP level 6. HP: 14/36 MP: 0/12
  3554 | D:5      | HP: 3/36 [adder (2)]
  4386 | D:5      | Noticed Sigmund
  4469 | D:5      | Reached XP level 7. HP: 41/41 MP: 7/14
  5133 | D:5      | Noticed Eustachio
  5290 | D:4      | Reached skill level 5 in Conjurations
  5290 | D:4      | Reached skill level 5 in Air Magic
  5410 | D:4      | quinnr: ??spider form
  5410 | D:4      | beem: spider form[1/2]: No weapons or armour, but you get
                  | (UC + 5) base damage (untransformed is UC + 3), a venomous
                  | bite, loads of EV (better than being a spriggan) and
                  | impeded spellcasting. Spider form has 2 AC and rPois-
  5410 | D:4      | quinnr: ??hydra form
  5410 | D:4      | beem: hydra form[1/4]: Level 6 form that gives you
                  | {spellpower}/10 heads (randomly rounded) and cleaving (when
                  | heads >= 2). Your heads can be chopped off, grown, and
                  | cauterized just like the monster! Edible foes smaller than
                  | you are devoured when killed, healing you based on HD.
                  | rPois+, +30% HP. Beware the AC cost... except
                  | felids/octopodes. Has swift movement in water.
  5413 | D:4      | Learned a level 2 spell: Wereblood
  5431 | D:4      | HP: 2/41 [orc priest/+0 club (5)]
  5435 | D:4      | Reached skill level 1 in Slings
  5827 | D:4      | Found a staircase to the Ecumenical Temple.
  6401 | Temple   | Entered the Ecumenical Temple
  6463 | Temple   | Became a worshipper of Vehumet
  6575 | D:5      | Learned a level 3 spell: Spider Form
  6591 | D:5      | Killed Eustachio
  6615 | D:5      | HP: 1/41 [something (4)]
  6616 | D:5      | Slain by Sigmund

Illustrated notes

Levels and vault maps discovered:
D:1:      dpeg_arrival_rhombi, layout_basic, serial_bayou_lagoon_b
D:2:      layout_rooms, hellmonk_ecumenical_altar_zigzags, serial_bayou,
          serial_bayou_pond_a, serial_bayou_shore_a, serial_bayou_shore_b,
          serial_bayou_pond_b, uniq_terence, uniq_jessica
D:3:      layout_rooms, minmay_statues_item
D:4:      layout_gridville, minmay_temple_entry_gardened_gates
D:5:      layout_loops_corners, gup_sewer_entry_spiral, uniq_eustachio,
          uniq_menkaure, uniq_sigmund
Temple:   dpeg_three_leaves_temple

Skill      XL: |  1  2  3  4  5  6  7 |
---------------+----------------------+-----
Conjurations   | 2 3 4 5 |  5.0
Fighting       | 1 2 3 |  3.5
Spellcasting   | 3 4 |  4.0
Stealth        | 3 |  3.0
Dodging        | 3 |  3.6
Air Magic      | 5 |  5.0
Slings         | 1 |  1.6
Transmutations | 2 |  2.3

Action                   |  1- 3 |  4- 6 |  7- 9 || total
-------------------------+-------+-------+-------++-------
Melee: Unarmed           |     1 |     4 |     2 ||     7
       Peck              |       |     1 |       ||     1
       Dagger            |       |       |     5 ||     5
       Kick              |       |       |     1 ||     1
 Fire: Hunting sling     |       |    26 |     6 ||    32
Throw: Boomerang         |     4 |       |       ||     4
       Stone             |     4 |     2 |       ||     6
 Cast: Shock             |    59 |    86 |    69 ||   214
       Static Discharge  |     5 |    22 |    15 ||    42
       Wereblood         |       |       |     1 ||     1
  Use: Potion            |     1 |     1 |     2 ||     4
       Scroll            |     1 |     3 |     1 ||     5
Armor: Robe              |     4 |    11 |     3 ||    18
Dodge: Dodged            |     7 |    57 |    18 ||    82

Table legend: (Time is in decaauts)
 A = Elapsed time spent in this place.
 B = Non-inter-level travel time spent in this place.
 C = Inter-level travel time spent in this place.
 D = Time resting spent in this place.
 E = Time spent auto-exploring this place.
 F = Levels seen in this place.
 G = Mean time per level.
                   A        B        C        D        E       F      G
               +--------+--------+--------+--------+--------+-----+--------+
         Total |   6502 |   6246 |    256 |    452 |   4979 |   6 | 1083.7 |
       Dungeon |   6438 |   6198 |    240 |    452 |   4933 |   5 | 1287.6 |
        Temple |     64 |     48 |     16 |      0 |     46 |   1 |   64.0 |
               +--------+--------+--------+--------+--------+-----+--------+

Top non-repeatable levels by time:
     D:5: 1827 daAuts
     D:1: 1346 daAuts
     D:2: 1322 daAuts
     D:4: 1184 daAuts
     D:3: 757 daAuts
  Temple: 64 daAuts
